 Dungeon Crawl Stone Soup version 0.29-a0-284-gf9362112df (webtiles) character file.

Game seed: 14659128520776725388

56 Warped the Sneak (level 3, -9/24 HPs)
             Began as an Octopode Brigand on Mar 22, 2022.
             Mangled by an iguana (11 damage)
             ... on level 3 of the Dungeon.
             The game lasted 00:03:28 (1610 turns).

Warped the Sneak (Octopode Brigand)                 Turns: 1610, Time: 00:03:28

Health: -9/24      AC:  1    Str: 12    XL:     3   Next: 97%
Magic:  4/4        EV: 13    Int: 13    God:
Gold:   135        SH:  0    Dex: 13    Spells: 3/3 levels left

rFire   + . .      SeeInvis .   a - +2 dagger
rCold   + . .      Faith    .   (no shield)
rNeg    . . .      Spirit   .   (helmet restricted)
rPois   +          Reflect  .   (no amulet)
rElec   +          Harm     .   (no ring)
rCorr   +          Rampage  .   (no ring)
Will    .....                   (no ring)
Stlth   ++++......              (no ring)
HPRegen 0.08/turn               (no ring)
MPRegen 0.09/turn               (no ring)
                                (no ring)
                                (no ring)

@: resistant, flying
A: almost no armour, amphibious, 8 rings, camouflage 1, gelatinous body 1,
(nimble swimmer 1), tentacles
a: no special abilities


You were on level 3 of the Dungeon.
You visited 1 branch of the dungeon, and saw 3 of its levels.

You collected 135 gold pieces.

Inventory:

Hand Weapons
 a - a +2 dagger (weapon)
 i - a +0 hunting sling
Missiles
 b - 9 poisoned darts (quivered)
 c - 3 curare-tipped darts
 k - 19 stones
Magical Staves
 l - a staff of poison
Wands
 q - a wand of polymorph (3)
Scrolls
 e - a scroll of teleportation {unknown}
 f - a scroll of summoning {unknown}
 h - a scroll of identify {unknown}
 m - a scroll of vulnerability {unknown}
 p - a scroll of acquirement {unknown}
Potions
 d - a potion of resistance
 n - a potion of degeneration {unknown}
 o - a potion of might {unknown}


   Skills:
 - Level 2.0 Fighting
 + Level 2.4 Short Blades
 - Level 2.0 Throwing
 + Level 1.8 Dodging
 + Level 6.5 Stealth
 + Level 0.8 Spellcasting


You had 3 spell levels left.
You didn't know any spells.
Your spell library contained the following spells:

 Spells                   Type           Power      Damage    Failure   Level
 Ozocubu's Armour         Ice            0%         N/A       65%         3
 Ozocubu's Refrigeration  Ice            0%         4d5       100%        7


Dungeon Overview and Level Annotations

Branches:
Dungeon (3/15)

Altars:


Innate Abilities, Weirdness & Mutations

You cannot wear most types of armour.
You are amphibious.
You can wear up to eight rings at the same time.
Your skin changes colour to match your surroundings (Stealth+).
Your rubbery body absorbs attacks. (AC +1, EV +1)
((You are camouflaged when in or above water. (Stealth+)))
You have tentacles for arms and can constrict up to eight enemies at once.


Message History

An iguana is nearby!
You closely miss the iguana. Your grab misses the iguana.
Your squeeze misses the iguana. You hit the iguana. You grab the iguana.
The iguana is lightly wounded.
You constrict the iguana, but do no damage.
The iguana barely misses you.
You hit the iguana.
The iguana is moderately wounded.
You constrict the iguana. The iguana bites you!
You hit the iguana.
The iguana is moderately wounded.
You constrict the iguana, but do no damage.
The iguana bites you!
Ouch! That really hurt!
* * * LOW HITPOINT WARNING * * *
You are too injured to fight recklessly!
Unknown command.
Okay, then.
You release your grip on the iguana.
It was a potion of resistance.
You feel protected.
The iguana bites you but does no damage.
It was a potion of curing.
You feel better. The iguana misses you.
You hit the iguana. You grab the iguana.
The iguana is heavily wounded.
You constrict the iguana. The iguana closely misses you.
You hit the iguana but do no damage.
The iguana is heavily wounded.
You constrict the iguana. The iguana bites you!
* * * LOW HITPOINT WARNING * * *
You don't have any such object.
Evoke which item? (* to show all) (? for menu, Esc to quit)
You don't have any such object.
Evoke which item? (* to show all) (? for menu, Esc to quit)
Okay, then.
It was a potion of flight.
You feel very buoyant.
You fly up into the air.
You constrict the iguana. The iguana bites you!
You die...

### ### #.#
... #.# ....
... ..... #
#.##.....
#..###......##
#.............
#l#
####@####...
#...........
#.##.####...
#.#### #.# #.#
#.#######.
#.........
#.########


You could see an iguana.

Vanquished Creatures
  3 adders (D:2)
  A worm (D:2)
  2 ball pythons
  5 endoplasms
  A giant cockroach (D:2)
  5 hobgoblins
  A bat (D:2)
  A frilled lizard (D:2)
  A goblin (D:1)
  3 kobolds (D:1)
  3 rats
26 creatures vanquished.

Notes
Turn   | Place    | Note
-------+----------+-------------------------------------------
     0 | D:1      | Warped the Octopode Brigand began the quest for the Orb.
     0 | D:1      | Reached XP level 1. HP: 14/14 MP: 1/1
   393 | D:1      | Reached XP level 2. HP: 15/19 MP: 2/2
   518 | D:1      | Reached skill level 6 in Stealth
   844 | D:1      | Found a faded altar of an unknown god.
  1063 | D:2      | Reached XP level 3. HP: 24/24 MP: 3/3
  1604 | D:3      | HP: 1/24 [iguana (14)]
  1610 | D:3      | Mangled by an iguana

Illustrated notes

Levels and vault maps discovered:
D:1:      wheals_arrival_shading, layout_basic,
          dreamdust_ecumenical_altar_hidden_monk_grotto, minmay_splitting_lines,
          minmay_curled_crystal
D:2:      layout_loops_cross
D:3:      layout_basic, mainiacjoe_overflow_surrounded_room,
          nicolae_ru_path_of_blood, fedhas_altar_2, serial_shops,
          nicolae_shop_crystal

Skill      XL: |  1  2 |
---------------+-------+-----
Stealth        | 6 |  6.5
Fighting       | |  2.0
Short Blades   | |  2.4
Throwing       | |  2.0
Dodging        | |  1.8
Spellcasting   | |  0.8

Action                   || total
-------------------------++-------
Melee: Dagger            ||    61
       Constrict         ||    14
       Tentacles         ||    10
  Use: Potion            ||     3
 Stab: Sleeping          ||     6
Armor: Skin              ||     9
Dodge: Dodged            ||    26

Table legend: (Time is in decaauts)
 A = Elapsed time spent in this place.
 B = Non-inter-level travel time spent in this place.
 C = Inter-level travel time spent in this place.
 D = Time resting spent in this place.
 E = Time spent auto-exploring this place.
 F = Levels seen in this place.
 G = Mean time per level.
                   A        B        C        D        E       F      G
               +--------+--------+--------+--------+--------+-----+--------+
         Total |   1602 |   1536 |     66 |     51 |   1248 |   3 |  534.0 |
       Dungeon |   1602 |   1536 |     66 |     51 |   1248 |   3 |  534.0 |
               +--------+--------+--------+--------+--------+-----+--------+

Top non-repeatable levels by time:
     D:1: 955 daAuts
     D:2: 605 daAuts
     D:3: 42 daAuts
